 Dungeon Crawl Stone Soup version 0.30-a0-23-ge60ba3568b (webtiles) character file.

Game seed: 3527943375743907128

2396 Pilot the Cutter (level 9, 0/88 HPs)
             Began as a Troll Fighter on Aug 24, 2022.
             Was a Priest of Okawaru.
             Slain by a killer bee (3 damage)
             ... on level 7 of the Dungeon.
             The game lasted 00:46:05 (4979 turns).

Pilot the Cutter (Troll Fighter)                    Turns: 4979, Time: 00:46:06

Health: 0/88       AC:  4    Str: 26    XL:     9   Next: 22%
Magic:  8/8        EV: 11    Int:  4    God:    Okawaru [***...]
Gold:   212        SH: 10    Dex: 19    Spells: 8/8 levels left

rFire   . . .      SeeInvis .    q - +10 dagger "Awiyck" {vorpal, Will+}
rCold   + . .      Faith    .    c - +0 kite shield
rNeg    . . .      Spirit   .    b - +0 robe
rPois   .          Reflect  .    (helmet restricted)
rElec   .          Harm     .    (no cloak)
rCorr   .          Rampage  .    (gloves unavailable)
Will    +....                    (boots unavailable)
Stlth   ++........               e - amulet of magic regeneration
HPRegen 1.04/turn                j - ring of protection from cold
MPRegen 0.51/turn                A - +6 ring of dexterity

@: lethally poisoned (0 -> -2)
A: large, unfitting armour, claws 3, regeneration 1, shaggy fur 1, tough skin 1
a: Renounce Religion, Heroism


You were on level 7 of the Dungeon.
You worshipped Okawaru.
Okawaru was most pleased with you.
You visited 2 branches of the dungeon, and saw 8 of its levels.

You collected 400 gold pieces.
You spent 188 gold pieces at shops.

Inventory:

Hand Weapons
 q - the +10 dagger "Awiyck" (weapon) {vorpal, Will+}
   (You found it on level 2 of the Dungeon)

   It inflicts extra damage upon your enemies.
   Will:      It increases your willpower.
 H - a +2 spear of venom
 K - a +0 falchion of freezing
 M - a +2 hand axe of freezing
 N - a +0 spear of freezing
Missiles
 k - 4 poisoned darts (quivered)
 m - 28 stones
 O - a boomerang
Armour
 a - a +0 robe
 b - a +0 robe (worn)
 c - a +0 kite shield (worn)
 C - a +2 pair of gloves
Magical Staves
 R - a staff of death
Jewellery
 e - an amulet of magic regeneration (around neck)
 j - a ring of protection from cold (left claw)
 r - an amulet of magic regeneration
 A - a +6 ring of dexterity (right claw)
 B - a ring of protection from fire
 J - a ring of fire
Wands
 P - a wand of roots (4)
 Q - a wand of digging (3)
Scrolls
 n - 3 scrolls of poison
 o - 5 scrolls of identify
 p - a scroll of immolation {unknown}
 s - 3 scrolls of teleportation
 t - a scroll of enchant weapon {unknown}
 u - a scroll of blinking {unknown}
 w - a scroll of fear {unknown}
 x - 2 scrolls of torment {unknown}
 y - 2 scrolls of enchant armour
 z - a scroll of summoning {unknown}
 F - 2 scrolls of amnesia {unknown}
Potions
 d - a potion of might
 f - a potion of berserk rage {unknown}
 g - 2 potions of lignification {unknown}
 h - 3 potions of mutation {unknown}
 l - 4 potions of brilliance {unknown}
 v - 5 potions of heal wounds {unknown}
 D - a potion of magic {unknown}
 E - a potion of flight {unknown}
 G - 2 potions of attraction {unknown}
 I - a potion of haste {unknown}
 L - 2 potions of degeneration {unknown}


   Skills:
 + Level 5.2 Fighting
 * Level 6.2 Short Blades
 - Level 2.2 Maces & Flails
 + Level 5.2 Dodging
 + Level 5.8 Shields


You had 8 spell levels left.
You didn't know any spells.
Your spell library contained the following spells:

 Spells                   Type           Power      Damage    Failure   Level
 Slow                     Hex            0%         N/A       77%         1
 Confusing Touch          Hex            0%         N/A       98%         3
 Vampiric Draining        Necr           0%         2d6       98%         3
 Corpse Rot               Necr/Pois/Air  0%         N/A       100%        4
 Summon Hydra             Summ           Unusable   N/A       N/A         7

Dungeon Overview and Level Annotations

Branches:
Dungeon (7/15)             Temple (1/1) D:4

Altars:
Ashenzari
Cheibriados
Dithmenos
Elyvilon
Fedhas
Gozag
Hepliaklqana
Kikubaaqudgha
Nemelex Xobeh
Okawaru
Qazlal
Ru
Trog
Wu Jian
Yredelemnul
Zin
The Shining One

Shops:
D:3 ?


Innate Abilities, Weirdness & Mutations

You are too large for most types of armour.
You have claws for hands.
Your natural rate of healing is unusually fast.
You are covered in fur. (AC +1)
You have tough skin. (AC +1)


Message History

The killer bee attacks as you move away!
The killer bee closely misses you.
You feel very sick. The killer bee completely misses you.
You block the killer bee's attack. The killer bee stings you!
You are more poisoned.
The killer bee poisons you!
You feel very sick.
The killer bee stings you but does no damage.
You feel better. You block the killer bee's attack. The killer bee stings you.
* * * LOW HITPOINT WARNING * * *
You block the killer bee's attack. The killer bee stings you!
* * * LOW HITPOINT WARNING * * *
You are poisoned.
The killer bee poisons you! The killer bee stings you!
* * * LOW HITPOINT WARNING * * *
You are lethally poisoned!
The killer bee poisons you! The killer bee misses you.
You feel better. The killer bee stings you.
* * * LOW HITPOINT WARNING * * *
The killer bee misses you.
The killer bee stings you but does no damage.
The killer bee stings you.
* * * LOW HITPOINT WARNING * * *
You are poisoned.
The killer bee poisons you! The killer bee closely misses you.
You block the killer bee's attack.
The killer bee attacks as you move away!
The killer bee stings you but does no damage.
The killer bee attacks as you move away!
The killer bee barely misses you.
Found 16 gold pieces.
You feel sick. You block the killer bee's attack. The killer bee stings you!
* * * LOW HITPOINT WARNING * * *
You block the killer bee's attack.
You feel better. You block the killer bee's attack. The killer bee stings you.
* * * LOW HITPOINT WARNING * * *
You are poisoned.
The killer bee poisons you! You block the killer bee's attack. x2
The killer bee stings you.
You die...

..>. #..## $####
#...#
........####..#
...........##†#
..........>.†.##
...............#
#........yy..##
#........@y...#
#.............#
#............##
#.....<.......#
#.............#
#.............#
##............#
#...........##
#..........##


You could see 3 killer bees.

Vanquished Creatures
  A wyvern (D:4)
  The ghost of Valamore the Chopper, an amateur HuFi (D:4)
  4 ice beasts
  2 sky beasts (D:6)
  A black bear (D:6)
  2 ogres
  A phantom (D:5)
  A bullfrog (D:6)
  A necrophage (D:5)
  5 scorpions
  2 killer bees (D:7)
  A howler monkey (D:5)
  2 hounds
  4 jellies
  2 orc priests
  4 iguanas (D:6)
  3 orc wizards
  6 gnolls
  8 adders
  2 hound simulacra (D:4)
  A white imp (D:4)
  2 worms
  3 dart slugs
  3 adder simulacra (D:4)
  23 orcs
  3 ball pythons (D:1)
  12 endoplasms
  2 giant cockroaches
  6 goblins
  3 hobgoblins (D:1)
  6 jackals
  3 quokkas
  5 bats
  3 frilled lizards
  8 kobolds
  2 rats (D:1)
138 creatures vanquished.

Notes
Turn   | Place    | Note
-------+----------+-------------------------------------------
     0 | D:1      | Pilot the Troll Fighter began the quest for the Orb.
     0 | D:1      | Reached XP level 1. HP: 22/22 MP: 0/0
    65 | D:1      | Reached XP level 2. HP: 28/29 MP: 1/1
   296 | D:1      | Reached XP level 3. HP: 35/36 MP: 2/2
   323 | D:1      | Found a faded altar of an unknown god.
   556 | D:2      | Identified the +10 dagger "Awiyck" {vorpal, Will+}
  1463 | D:3      | Found Feosoc's Magic Scroll Shop.
  1503 | D:3      | Reached XP level 4. HP: 44/44 MP: 3/3
  1516 | D:3      | Found a blossoming altar of Fedhas.
  1520 | D:3      | Bought a scroll of identify for 26 gold pieces
  1520 | D:3      | Bought a scroll of enchant armour for 97 gold pieces
  1685 | D:3      | Reached skill level 1 in Short Blades
  1688 | D:3      | Found a sparkling altar of Nemelex Xobeh.
  1837 | D:3      | Found a white marble altar of Elyvilon.
  2084 | D:3      | Reached XP level 5. HP: 49/53 MP: 4/4
  2440 | D:3      | Bought a scroll of identify for 26 gold pieces
  2440 | D:3      | Bought a scroll of teleportation for 39 gold pieces
  2472 | D:4      | Noticed an ogre
  2477 | D:4      | Killed an ogre
  2478 | D:4      | Reached skill level 2 in Short Blades
  2509 | D:4      | Found a runed translucent gate.
  2509 | D:4      | Found a runed translucent gate.
  2509 | D:4      | Found a runed translucent gate.
  2534 | D:4      | Found a staircase to the Ecumenical Temple.
  2542 | Temple   | Entered the Ecumenical Temple
  2625 | Temple   | Became a worshipper of Warmaster Okawaru
  2829 | D:4      | Reached XP level 6. HP: 61/61 MP: 5/5
  2951 | D:4      | Noticed a wyvern
  2960 | D:4      | Killed a wyvern
  2960 | D:4      | Reached * piety under Okawaru
  2961 | D:4      | Reached skill level 3 in Short Blades
  2961 | D:4      | Reached XP level 7. HP: 45/68 MP: 6/6
  3073 | D:4      | Noticed Valamore's ghost (amateur HuFi)
  3299 | D:4      | Killed Valamore's ghost
  3511 | D:5      | Entered Level 5 of the Dungeon
  3575 | D:5      | Reached skill level 4 in Short Blades
  3586 | D:5      | Reached ** piety under Okawaru
  3676 | D:5      | Reached XP level 8. HP: 78/78 MP: 7/7
  3817 | D:5      | Reached skill level 5 in Shields
  4103 | D:5      | Got the Textbook on Supportive Blight
  4200 | D:6      | Reached skill level 5 in Short Blades
  4213 | D:6      | Found a hazy altar of Hepliaklqana.
  4275 | D:6      | Reached *** piety under Okawaru
  4369 | D:6      | Found an ornate altar of the Wu Jian Council.
  4443 | D:6      | Reached skill level 5 in Fighting
  4473 | D:6      | Reached skill level 5 in Dodging
  4589 | D:6      | Reached XP level 9. HP: 88/88 MP: 8/8
  4679 | D:6      | Reached skill level 6 in Short Blades
  4978 | D:7      | HP: 1/88 [killer bee (8)]
  4979 | D:7      | Slain by a killer bee

Illustrated notes

Levels and vault maps discovered:
D:1:      dpeg_arrival_brainrot, layout_rooms, ebering_ecumenical_altar_webs
D:2:      layout_loops_corners, serial_glass, glass_columns_b, glass_columns_a
D:3:      layout_basic, mainiacjoe_overflow_paths, amcnicky_altar_gilded,
          nemelex_dance_club_becter, serial_shops, shop, serial_aquarium,
          aquarium_bridge_straight [aquarium_subvault_bridge,
          aquarium_subvault_window, aquarium_subvault_bridge,
          aquarium_subvault_wall], aquarium_window_fake, aquarium_window_2,
          aquarium_window_corridor_3, aquarium_view_2a, aquarium_view_2e,
          ebering_dispersal_statue_hall, chequers_serial_rivers_marsh
D:4:      layout_basic, minmay_temple_entry_hall, gammafunk_ghost_icy,
          bh_walls_and_bars
D:5:      layout_basic
D:6:      layout_loops_ring, mainiacjoe_overflow_small_starburst,
          nicolae_wu_jian_wuxing_cycle, kennysheep_generic_room_9
D:7:      layout_cave_pods, serial_bayou_pond_a, uniq_maggie, uniq_joseph
Temple:   nicolae_temple_bog_church

Skill      XL: |  1  2  3  4  5  6  7  8  9 |
---------------+----------------------------+-----
Maces & Flails | 2 |  2.2
Shields        | 3 4 5 |  5.8
Short Blades   | 1 2 3 4 5 6 |  6.2
Fighting       | 3 4 5 |  5.2
Dodging        | 3 4 5 |  5.2

Action                   |  1- 3 |  4- 6 |  7- 9 || total
-------------------------+-------+-------+-------++-------
Melee: Flail             |    96 |       |       ||    96
       Dagger            |    27 |    83 |   203 ||   313
Throw: Dart              |     1 |    10 |     8 ||    19
       Throwing net      |       |     1 |     1 ||     2
  Use: Scroll            |       |     2 |       ||     2
       Potion            |       |       |     3 ||     3
 Stab: Sleeping          |     2 |       |     1 ||     3
       Distracted        |       |       |     2 ||     2
Armor: Robe              |    34 |    17 |    22 ||    73
Dodge: Dodged            |    35 |    28 |    93 ||   156
Block: Kite shield       |    35 |    23 |    99 ||   157

Table legend: (Time is in decaauts)
 A = Elapsed time spent in this place.
 B = Non-inter-level travel time spent in this place.
 C = Inter-level travel time spent in this place.
 D = Time resting spent in this place.
 E = Time spent auto-exploring this place.
 F = Levels seen in this place.
 G = Mean time per level.
                   A        B        C        D        E       F      G
               +--------+--------+--------+--------+--------+-----+--------+
         Total |   5008 |   1355 |   3653 |      0 |    139 |   8 |  626.0 |
       Dungeon |   4919 |   1353 |   3566 |      0 |    139 |   7 |  702.7 |
        Temple |     89 |      3 |     86 |      0 |      0 |   1 |   89.0 |
               +--------+--------+--------+--------+--------+-----+--------+

Top non-repeatable levels by time:
     D:3: 1115 daAuts
     D:4: 917 daAuts
     D:2: 854 daAuts
     D:6: 736 daAuts
     D:5: 671 daAuts
     D:1: 586 daAuts
  Temple: 89 daAuts
     D:7: 37 daAuts
